 Dungeon Crawl Stone Soup version 0.23-a0-171-g5ae17c6 (webtiles) character file.

751 KristoblXynda the Covert (level 7, -6/32 HPs)
             Began as a Spriggan Enchanter on Sept 13, 2018.
             Shot with an arrow by a centaur (14 damage)
             ... on level 5 of the Dungeon on Sept 14, 2018.
             The game lasted 00:14:35 (6207 turns).

KristoblXynda the Covert (Spriggan Enchanter)       Turns: 6207, Time: 00:14:36

Health: -6/32      AC:  2    Str:  8    XL:     7   Next: 49%
Magic:  4/17       EV: 18    Int: 18    God:
Gold:   56         SH:  0    Dex: 16    Spells: 13/18 levels left

rFire    . . .     SeeInvis +   c - +2 dagger (holy)
rCold    . . .     Gourm    .   (shield restricted)
rNeg     . . .     Faith    .   b - +0 robe
rPois    .         Spirit   .   (helmet restricted)
rElec    .         Reflect  .   (no cloak)
rCorr    .         Harm     .   (gloves unavailable)
MR       +....                  (boots unavailable)
Stlth    ++++......             (no amulet)
HPRegen  0.10/turn              f - +3 ring of strength
MPRegen  0.15/turn              (no ring)

@: very slightly contaminated, very quick
A: very small, unfitting armour, see invisible, herbivore, speed 3, slow
metabolism 2
a: no special abilities


You were on level 5 of the Dungeon.
You were hungry.

You visited 1 branch of the dungeon, and saw 5 of its levels.

You collected 92 gold pieces.
You spent 36 gold pieces at shops.

Inventory:

Hand Weapons
 a - a +1 dagger of speed
 c - a +2 dagger of holy wrath (weapon)
Armour
 b - a +0 robe (worn)
Jewellery
 f - a +3 ring of strength (left hand)
Wands
 j - a wand of flame (25)
Scrolls
 g - 3 scrolls of enchant armour
 h - a scroll of amnesia
 i - 2 scrolls of remove curse
 l - a scroll of random uselessness {unknown}
 o - a scroll of enchant weapon {unknown}
 p - a scroll of teleportation
Potions
 e - a potion of heal wounds {unknown}
 k - a potion of ambrosia {unknown}
 m - a potion of lignification {unknown}
 n - a potion of resistance {unknown}
Comestibles
 d - 4 rations


   Skills:
 + Level 2.9 Short Blades
 - Level 3.0 Dodging
 + Level 8.4 Stealth
 + Level 6.1 Spellcasting
 + Level 6.5 Hexes


You had 13 spell levels left.
You knew the following spells:

 Your Spells              Type           Power        Failure   Level  Hunger
b - Ensorcelled Hibernat  Hex/Ice        ###...       4%          2    None
c - Confuse               Hex            ####....     2%          3    ##.....

Your spell library contained the following spells:

 Spells                   Type           Power        Failure   Level  Hunger
 Corona                   Hex            ####...      1%          1    None
 Tukima's Dance           Hex            ####....     2%          3    ##.....
 Dazzling Spray           Conj/Hex       ###...       10%         3    ##.....
 Magic Dart               Conj           #...         12%         1    None
 Searing Ray              Conj           #.....       19%         2    None
 Fulminant Prism          Conj/Hex       ###.......   30%         4    ####...
 Force Lance              Conj/Tloc      #.......     75%         4    ####...
 Iskenderun's Mystic Bla  Conj           #.......     75%         4    ####...


Dungeon Overview and Level Annotations

Branches:
Dungeon (5/15)
 Temple: D:4-7

Altars:
Qazlal
Sif Muna
Uskayaw
The Shining One

Shops:
D:5 ?


Innate Abilities, Weirdness & Mutations

You are very small and have problems with some larger weapons.
You are too small for most types of armour.
You have supernaturally acute eyesight. (SInv)
You are a herbivore.
You cover ground extremely quickly.
You need to consume almost no food.


Message History

Aim: Grinder (chance to defeat MR: 56%) Grinder appears confused.
You catch the helpless Grinder completely off-guard!
You impale Grinder!!
Grinder convulses!!
You kill Grinder!
Your Stealth skill increases to level 8!
Your Spellcasting skill increases to level 6!
The centaur wields a shortbow.
The centaur shoots an arrow.
The arrow completely misses you.
Unknown command.
Casting: Confuse (safe; 2% risk of failure)
Confirm with . or Enter, or press ? or * to list all spells.
Aiming: Ensorcelled Hibernation (safe; 4% risk of failure)
Press: ? - help, Shift-Dir - straight line, f - centaur
Aim: a centaur, wielding a shortbow (chance to defeat MR: 48%)
You miscast Ensorcelled Hibernation.
You are very lightly contaminated with residual magic.
You feel off-balance for a moment.
The centaur shoots an arrow.
The arrow hits you!
You die...

########### #.##
#.........#####
#...
#..............
####.#.
.....c.........
........
#........Z.....
#####.#.
#5........ #.#.
#.######## #.#.
###.##########..
##...
#....c.@....(...
......
#..#######..P..#
#..... #.. ###+#
####.. #.. #..
... #.. #..#
##.. #.. #...
#... ##..


You could see a centaur.

Vanquished Creatures
  Grinder (D:5)
  A centaur (D:4)
  A bullfrog zombie (D:5)
  A centaur skeleton (D:5)
  An orc wizard (D:5)
  6 worker ants (D:4)
  A hound skeleton (D:5)
  A howler monkey skeleton (D:4)
  9 adders
  An ooze (D:5)
  4 worms
  5 dart slugs
  2 leopard geckos
  8 orcs
  5 giant cockroaches
  8 goblins
  11 hobgoblins
  11 kobolds
  4 quokkas
  2 ball pythons (D:1)
  9 bats
  9 frilled lizards
  A leopard gecko skeleton (D:4)
  9 rats
111 creatures vanquished.

Notes
Turn   | Place    | Note
-------+----------+-------------------------------------------
     0 | D:1      | KristoblXynda the Spriggan Enchanter began the quest for
                  | the Orb.
     0 | D:1      | Reached XP level 1. HP: 9/9 MP: 5/5
   454 | D:1      | Reached XP level 2. HP: 10/13 MP: 4/7
   708 | D:1      | Learned a level 2 spell: Ensorcelled Hibernation
  1048 | D:1      | Reached skill level 5 in Stealth
  1617 | D:1      | Reached XP level 3. HP: 16/16 MP: 1/8
  2425 | D:2      | Reached XP level 4. HP: 21/21 MP: 4/10
  2939 | D:2      | Found a glowing golden altar of the Shining One.
  3528 | D:2      | Reached skill level 6 in Stealth
  3959 | D:3      | Reached XP level 5. HP: 21/24 MP: 9/12
  4066 | D:3      | Reached skill level 5 in Hexes
  4248 | D:3      | Learned a level 3 spell: Confuse
  4281 | D:3      | Noticed a water elemental
  4282 | D:3      | Found a stormy altar of Qazlal.
  4325 | D:3      | Noticed an air elemental
  4325 | D:3      | Noticed a fire elemental
  4671 | D:3      | Found a deep blue altar of Sif Muna.
  4919 | D:4      | Noticed a centaur
  4940 | D:4      | Killed a centaur
  4940 | D:4      | Reached skill level 7 in Stealth
  4940 | D:4      | Reached skill level 5 in Spellcasting
  4940 | D:4      | Reached XP level 6. HP: 2/28 MP: 1/14
  5233 | D:4      | Found a hide-covered altar of Uskayaw.
  5235 | D:4      | Noticed a hand axe
  5235 | D:4      | Noticed a dagger
  5580 | D:5      | Entered Level 5 of the Dungeon
  6086 | D:5      | Found Jawybup's Magic Scroll Shoppe.
  6095 | D:5      | Bought a scroll of teleportation for 36 gold pieces
  6181 | D:5      | Noticed Grinder
  6199 | D:5      | Reached XP level 7. HP: 14/32 MP: 11/16
  6206 | D:5      | Killed Grinder
  6206 | D:5      | Reached skill level 8 in Stealth
  6207 | D:5      | Shot with an arrow by a centaur

Vault maps used:
D:1:      dpeg_arrival_tiny_a
D:2:      nicolae_overflow_hidden_temple
D:3:      nicolae_qazlal_style_of_elements, led_sif_pool
D:4:      dancing_weapons_uskayaw, first_ration
D:5:      corexii_shantytown, old_standard_altar, ebering_ghost_sewer_d,
          serial_shops, shop, basic_altar, uniq_grinder

Skill      XL: |  1  2  3  4  5  6  7 |
---------------+----------------------+-----
Spellcasting   | 3 4 5 6 |  6.1
Hexes          | 4 5 6 |  6.5
Stealth        | 5 6 7 8 |  8.4
Short Blades   | 2 |  2.9
Dodging        | |  3.0

Action                   |  1- 3 |  4- 6 |  7- 9 || total
-------------------------+-------+-------+-------++-------
Melee: Dagger            |   120 |   271 |     4 ||   395
 Cast: Corona            |     3 |       |       ||     3
       Ensorcelled Hiber |    29 |    50 |       ||    79
       Confuse           |       |     3 |     2 ||     5
Evoke: Wand              |       |     1 |       ||     1
  Use: Scroll            |     3 |     5 |       ||     8
       Potion            |     1 |       |       ||     1
 Stab: Sleeping          |    19 |    43 |       ||    62
       Distracted        |     1 |       |       ||     1
       Confused          |       |       |     1 ||     1
  Eat: Ration            |       |     3 |       ||     3
Armor: Robe              |     8 |    21 |       ||    29
Dodge: Dodged            |   133 |   204 |     2 ||   339

Table legend:
 A = Non-vault XP
 B = Vault XP
 C = Vault XP percentage of total XP
 D = Non-vault monster count
 E = Vault monster count
 F = Vault count percentage of total count
                 A         B        C        D         E       F
            +---------+---------+-------+---------+---------+-------
      Total |     779 |     295 |  27.5 |     110 |       1 |   0.9
            +---------+---------+-------+---------+---------+-------
        D:1 |      50 |       0 |   0.0 |      30 |       0 |   0.0
        D:2 |     106 |       0 |   0.0 |      25 |       0 |   0.0
        D:3 |      79 |       0 |   0.0 |      29 |       0 |   0.0
        D:4 |     364 |       0 |   0.0 |      15 |       0 |   0.0
        D:5 |     180 |     295 |  62.1 |      11 |       1 |   8.3
            +---------+---------+-------+---------+---------+-------
